 Dungeon Crawl Stone Soup version 0.18-b1-14-g029dad2 (webtiles) character file.

142350 pacci the Severer (level 17, -1/238 HPs)
             Began as a Naga Berserker on Apr 30, 2016.
             Was a High Priest of Trog.
             Splashed by a deep elf sorcerer's acid (11 damage)
             ... on level 3 of the Elven Halls.
             The game lasted 00:24:07 (27419 turns).

pacci the Severer (Naga Berserker)                 Turns: 27419, Time: 00:24:08

Health: -1/238     AC: 31    Str: 25    XL:     17   Next: 35%
Magic:  0/17       EV:  9    Int: 10    God:    Trog [*****.]
Gold:   255        SH:  0    Dex: 15    Spells: 0 memorised, 16 levels left

rFire  + . .     SeeInvis +     g - +9 battleaxe (elec)
rCold  + . .     Gourm    .     f - +3 plate armour {rF+}
rNeg   . . .     Faith    .     (shield currently unavailable)
rPois  +         Spirit   +     p - +0 helmet
rElec  .         Dismiss  .     D - +0 cloak
rCorr  .         Reflect  .     l - +0 pair of gloves
SustAt .         Harm     .     h - +0 naga barding
MR     +++++                    x - amulet of guardian spirit
Stlth  ..........               q - +2 ring of protection
                                r - ring of protection from cold

@: berserking (expiring), liquid flames, regenerating, glowing, quick, almost
entirely resistant to hostile enchantments, extremely unstealthy
A: see invisible, deformed body, magic resistance 1, poison resistance, slowness
2, slow metabolism 1, spit poison 2, constrict 1, AC +5
a: Spit Poison, Berserk, Trog's Hand, Brothers in Arms, Burn Spellbooks,
Renounce Religion


You were on level 3 of the Elven Halls.
You worshipped Trog.
Trog was extremely pleased with you.
You were hungry.

You visited 4 branches of the dungeon, and saw 23 of its levels.

You collected 2490 gold pieces.
You spent 2235 gold pieces at shops.


Innate Abilities, Weirdness & Mutations

You cannot wear boots.
Your serpentine skin is tough (AC +5).
You have supernaturally acute eyesight.
Armour fits poorly on your strangely shaped body.
Your system is resistant to poisons.
You cover ground very slowly.
You have a slow metabolism.
You can spit poison.
You can use your snake-like lower body to constrict enemies.
You are resistant to hostile enchantments.


   Skills:
 - Level 11.9 Fighting
 - Level 20.0 Axes
 - Level 11.5 Armour
 + Level 11.8 Dodging


You had 16 spell levels left.
You didn't know any spells.

Inventory:

Hand Weapons
 g - a +9 battleaxe of electrocution (weapon)
Armour
 f - a +3 plate armour of fire resistance (worn)
 h - a +0 naga barding (worn)
 l - a +0 pair of gloves (worn)
 p - a +0 helmet (worn)
 A - a +0 ice dragon armour
 D - a +0 cloak (worn)
Jewellery
 c - an uncursed ring of protection from cold
 q - a +2 ring of protection (right hand)
 r - a ring of protection from cold (left hand)
 x - an amulet of guardian spirit (around neck)
 y - an uncursed ring of fire
 Y - a +4 ring of dexterity
Wands
 B - a wand of digging (16/24)
 C - a wand of teleportation (5/9)
Scrolls
 a - 11 scrolls of remove curse
 k - a scroll of vulnerability {unknown}
 n - a scroll of enchant weapon
 s - 9 scrolls of identify
Potions
 b - 14 potions of curing
 d - 2 potions of resistance
 i - 2 potions of haste
 m - 3 potions of might
 v - a potion of heal wounds
 w - 3 potions of cure mutation
Comestibles
 e - 4 fruits
 j - 4 chunks of flesh
 t - 9 bread rations
 z - 14 meat rations
 E - 2 slices of pizza

Dungeon Overview and Level Annotations

Branches:
Dungeon (10/15)            Temple (0/1) D:6            Lair (8/8) D:10
  Swamp (0/4) Lair:6       Spider (0/4) Lair:4        Slime (0/6) Lair:8
    Orc (2/2) D:10            Elf (3/3) Orc:2

Altars:
Cheibriados
Dithmenos
Makhleb
Okawaru
Pakellas
Sif Muna
Trog
Xom
Zin
The Shining One
Beogh
Jiyva

Shops:
D:7 (*(   Orc:1 *   Orc:2 *[%:   Elf:1 :!

Portals:
Hell: Lair:8
Pandemonium: Orc:2

Annotations:
Lair:8 1 runed door
Elf:2 3 runed doors


Message History

You hear a shout!
You slice the ghostly deep elf master archer!!
The ghostly deep elf master archer is almost destroyed.
You slice the fire elemental!!
The fire elemental is almost destroyed.
You are covered in liquid flames!
You constrict the ghostly deep elf master archer.
You destroy the ghostly deep elf master archer!
The deep elf annihilator casts a spell.
The deep elf annihilator blinks!
The deep elf demonologist gestures wildly while chanting.
A deep elf annihilator comes into view. It is wielding a dagger.
You slash the deep elf elementalist!
There is a sudden explosion of sparks!
You grab the deep elf elementalist.
The deep elf elementalist is heavily wounded.
You are covered in liquid flames!
You constrict the deep elf elementalist.
The deep elf sorcerer gestures at you while chanting.
The bolt of acid hits you!
The acid burns!
You die...

#.. .1...####..e.. #..
..ee?......e. #..
........... #..
#e.¤.¤e.e #'# #..e¤.e
#.. #¤E¤. #.. #)e# #..
#.@# #.. #))# #.. #)(#
#.. #))# #..
#####.(##############..
.......)).#.....'.......
........).'.....#......#
.......(..#.....#.....##
###+#######'########'##.


You could see a Brimstone Fiend, 3 deep elf annihilators, 2 deep elf death magi,
a deep elf sorcerer, a deep elf elementalist, a deep elf demonologist, a deep
elf high priest, a deep elf mage and a fire elemental.

Vanquished Creatures
  A deep elf blademaster (Elf:3)
  2 deep elf master archers (Elf:3)
  Gastronok (Lair:3)
  3 deep elf sorcerers
  Aizul (Elf:3)
  5 deep elf elementalists (Elf:3)
  2 deep elf annihilators (Elf:3)
  A dire elephant (Lair:8)
  A fire dragon (Lair:8)
  A deep elf death mage (Elf:3)
  4 deep elf high priests
  The ghost of Eceihueh the Basher, a journeyman MiBe of Trog (Orc:1)
  6 hydras
  A catoblepas (Lair:8)
  3 death yaks (Lair:5)
  11 dancing weapons
  A queen ant (Lair:5)
  5 orc high priests (Orc:2)
  8 deep elf knights
  A wizard (Lair:8)
  An unseen horror (D:10)
  11 deep elf archers
  5 orc knights
  A lindwurm (Lair:3)
  A putrid demonspawn (Orc:2)
  2 harpies (Lair:8)
  43 deep elf magi
  A hornet (shapeshifter) (Elf:3)
  7 orc sorcerers
  An oklob plant (Lair:8)
  2 cyclopes
  4 manticores (Lair:8)
  4 griffons
  A sixfirhy (Lair:8)
  18 elephants
  A centaur zombie (D:9)
  Psyche (D:8)
  A rust devil (Orc:2)
  11 spiny frogs
  2 torpor snails
  4 black mambas
  2 orange demons (Lair:8)
  5 rime drakes
  A smoke demon (Lair:8)
  A demonic crawler (Lair:4)
  A komodo dragon (shapeshifter) (Elf:3)
  8 komodo dragons
  4 ice devils
  2 hellwings
  A red devil (Orc:2)
  2 giant leeches (Lair:6)
  A jumping spider (shapeshifter) (Elf:1)
  4 polar bears
  2 trolls
  4 blink frogs (Lair:8)
  A boulder beetle (Lair:7)
  3 water elementals
  8 wyverns
  10 spriggans
  A ynoxinul (Orc:2)
  7 fire elementals
  42 yaks
  6 basilisks
  18 hippogriffs
  Eustachio (D:5)
  A hungry ghost (D:10)
  A steam dragon (Lair:4)
  A swamp worm (Lair:6)
  A warg (Orc:2)
  13 soldier ants (Lair:5)
  9 porcupines
  2 sky beasts
  17 water moccasins
  A hell hound (Lair:8)
  2 black bears
  A phantom (D:7)
  13 ogres
  28 orc warriors
  7 ice beasts
  6 necrophages
  The ghost of shizyaka the Cudgeler, an amateur MiGl of Okawaru (D:4)
  16 crocodiles
  18 wolves
  3 centaurs
  A big kobold (D:9)
  12 giant frogs
  A wyvern zombie (D:8)
  4 earth elementals
  A wyvern skeleton (D:6)
  5 scorpions
  5 killer bees (D:8)
  4 wights (D:10)
  6 electric eels
  4 crimson imps
  A giant frog zombie (D:6)
  A howler monkey (D:9)
  A quasit (D:5)
  A centaur skeleton (D:4)
  25 orc priests
  A hound (D:9)
  2 jellies
  A giant frog skeleton (D:4)
  11 iguanas
  18 orc wizards
  44 worker ants
  16 sheep
  A hound zombie (D:6)
  A hound skeleton (D:5)
  17 adders
  59 river rats
  3 shadow imps
  A white imp (Lair:6)
  An ufetubus (D:10)
  An adder zombie (D:5)
  6 worms
  5 dart slugs
  2 giant geckos
  61 orcs
  4 giant cockroaches
  11 goblins
  4 hobgoblins
  3 jackals (D:3)
  5 quokkas
  A ball python (D:2)
  7 bats
  13 giant newts
  7 kobolds
  5 rats
  A bush (Lair:7)
  6 crawling corpses (Elf:3)
  13 fungi
  9 plants
869 creatures vanquished.

Vanquished Creatures (collateral kills)
  Rupert (Lair:3)
  Agnes (Elf:2)
  Louise (Elf:1)
  4 hydras
  An ice dragon (Lair:6)
  2 death yaks (Lair:5)
  A deep elf archer (Elf:3)
  5 deep elf magi
  2 orange demons (Lair:8)
  An ice devil (Lair:8)
  A red devil (Lair:8)
  A blink frog (Lair:8)
  A hippogriff (Lair:8)
  A water moccasin (Lair:6)
  2 ice beasts (Lair:6)
  An electric eel (Elf:3)
  2 river rats (Lair:8)
  3 white imps (Lair:6)
31 creatures vanquished.

Vanquished Creatures (others)
  A wasp (D:5)
  An orc (Orc:2)
  A bush (Lair:8)
  54 fungi
  41 plants
98 creatures vanquished.

Grand Total: 998 creatures vanquished

Notes
Turn   | Place    | Note
--------------------------------------------------------------
     0 | D:1      | pacci the Naga Berserker began the quest for the Orb.
     0 | D:1      | Reached XP level 1. HP: 21/21 MP: 1/1
     0 | D:1      | 0 ||| counter = 10
   190 | D:1      | Reached XP level 2. HP: 27/28 MP: 2/2
   396 | D:1      | 396 ||| INVOKING Spit Poison.
   511 | D:1      | 511 ||| INVOKING Spit Poison.
   552 | D:1      | 552 ||| INVOKING Spit Poison.
   553 | D:1      | 553 ||| INVOKING Spit Poison.
   590 | D:1      | 590 ||| INVOKING Spit Poison.
   642 | D:1      | 642 ||| INVOKING Spit Poison.
   704 | D:1      | Reached skill level 4 in Axes
   780 | D:1      | 780 ||| INVOKING Spit Poison.
   786 | D:1      | 786 ||| INVOKING Spit Poison.
   925 | D:1      | 925 ||| READING 2 scrolls labeled ZOOVVU YTYD.
   950 | D:2      | 950 ||| STAIRDANCE
   956 | D:2      | Found a faded altar to an unknown god.
   965 | D:2      | Reached XP level 3. HP: 30/34 MP: 3/3
   974 | D:2      | 974 ||| INVOKING Spit Poison.
   993 | D:2      | 993 ||| INVOKING Spit Poison.
   999 | D:2      | 999 ||| INVOKING Spit Poison.
  1147 | D:2      | 1147 ||| INVOKING Spit Poison.
  1151 | D:2      | 1151 ||| INVOKING Berserk.
  1212 | D:2      | Found a shimmering altar of Xom.
  1228 | D:2      | 1228 ||| INVOKING Spit Poison.
  1244 | D:2      | 1244 ||| INVOKING Spit Poison.
  1245 | D:2      | 1245 ||| INVOKING Spit Poison.
  1248 | D:2      | 1248 ||| INVOKING Spit Poison.
  1282 | D:2      | 1282 ||| INVOKING Spit Poison.
  1283 | D:2      | 1283 ||| INVOKING Spit Poison.
  1313 | D:2      | 1313 ||| INVOKING Spit Poison.
  1325 | D:2      | 1325 ||| INVOKING Berserk.
  1503 | D:2      | Found a glowing silver altar of Zin.
  1533 | D:2      | 1533 ||| EATING 2 beef jerkies.
  1542 | D:2      | 1542 ||| INVOKING Spit Poison.
  1543 | D:2      | 1543 ||| INVOKING Spit Poison.
  1718 | D:2      | 1718 ||| INVOKING Spit Poison.
  1725 | D:2      | 1725 ||| INVOKING Spit Poison.
  1732 | D:2      | 1732 ||| INVOKING Spit Poison.
  1732 | D:2      | Reached ** piety under Trog
  1744 | D:2      | 1744 ||| INVOKING Spit Poison.
  1746 | D:2      | 1746 ||| INVOKING Berserk.
  1749 | D:2      | Reached XP level 4. HP: 42/42 MP: 4/4
  1796 | D:2      | 1796 ||| EATING beef jerky.
  1903 | D:2      | 1903 ||| INVOKING Spit Poison.
  1905 | D:2      | 1905 ||| INVOKING Spit Poison.
  1911 | D:2      | 1911 ||| UPGRADING to leather armour.
  1921 | D:2      | 1921 ||| DROPPING +0 animal skin.
  1922 | D:2      | 1922 ||| UPGRADING to ring mail.
  1932 | D:2      | 1932 ||| DROPPING +0 leather armour.
  1933 | D:2      | 1933 ||| UPGRADING to chain mail.
  1943 | D:2      | 1943 ||| DROPPING +0 ring mail.
  1944 | D:2      | 1944 ||| READING 2 scrolls labeled WAVVUE KOEQEKA.
  1945 | D:2      | 1945 ||| READING scroll labeled UCUIMASIUN.
  1946 | D:2      | 1946 ||| DROPPING scroll of fear.
  1947 | D:2      | 1947 ||| DROPPING wand of flame.
  2103 | D:3      | Found an iron altar of Okawaru.
  2140 | D:3      | 2140 ||| EATING 2 bread rations.
  2144 | D:3      | 2144 ||| INVOKING Spit Poison.
  2154 | D:3      | Reached skill level 5 in Axes
  2181 | D:3      | 2181 ||| INVOKING Spit Poison.
  2187 | D:3      | 2187 ||| INVOKING Spit Poison.
  2274 | D:3      | 2274 ||| INVOKING Spit Poison.
  2467 | D:3      | 2467 ||| INVOKING Spit Poison.
  2532 | D:3      | 2532 ||| INVOKING Spit Poison.
  2533 | D:3      | 2533 ||| INVOKING Spit Poison.
  2593 | D:3      | 2593 ||| INVOKING Spit Poison.
  2594 | D:3      | 2594 ||| INVOKING Spit Poison.
  2622 | D:3      | 2622 ||| UPGRADING to war axe.
  2623 | D:3      | 2623 ||| DROPPING +0 hand axe.
  2702 | D:3      | 2702 ||| INVOKING Spit Poison.
  2703 | D:3      | 2703 ||| INVOKING Spit Poison.
  2706 | D:3      | 2706 ||| INVOKING Spit Poison.
  2831 | D:3      | 2831 ||| INVOKING Spit Poison.
  2854 | D:3      | 2854 ||| UPGRADING to plate armour.
  2864 | D:3      | 2864 ||| UPGRADING to pair of gloves.
  2869 | D:3      | 2869 ||| DROPPING +0 chain mail.
  2870 | D:3      | 2870 ||| UPGRADING to shiny iron ring.
  2871 | D:3      | 2871 ||| UPGRADING to blackened agate ring.
  2872 | D:3      | 2872 ||| READING 2 scrolls labeled NIRGHA XEISARA.
  2873 | D:3      | 2873 ||| READING scroll labeled ASEMMOP MOOHEMM.
  2874 | D:3      | 2874 ||| READING 2 scrolls labeled YCHEKL FICI.
  2878 | D:3      | 2878 ||| INVOKING Spit Poison.
  2880 | D:3      | 2880 ||| READING scroll of identify.
  2880 | D:3      | 2880 ||| IDENTIFYING wand of teleportation
  2925 | D:4      | Noticed a phantom
  2927 | D:4      | 2927 ||| INVOKING Spit Poison.
  2930 | D:4      | 2930 ||| STAIRDANCE
  2996 | D:3      | 2996 ||| INVOKING Berserk.
  3008 | D:3      | 3008 ||| ZAPPING wand of teleportation (7/9).
  3009 | D:3      | HP: 6/42 [phantom (6)]
  3223 | D:3      | 3223 ||| EATING 4 bread rations.
  3267 | D:4      | 3267 ||| STAIRDANCE
  3279 | D:3      | Reached XP level 5. HP: 40/49 MP: 5/5
  3424 | D:4      | 3424 ||| INVOKING Spit Poison.
  3425 | D:4      | 3425 ||| INVOKING Spit Poison.
  3448 | D:4      | Noticed shizyaka's ghost (amateur MiGl)
  3449 | D:4      | 3449 ||| INVOKING Spit Poison.
  3452 | D:4      | 3452 ||| INVOKING Berserk.
  3462 | D:4      | Killed shizyaka's ghost
  3462 | D:4      | Reached skill level 6 in Axes
  3462 | D:4      | Reached XP level 6. HP: 44/56 MP: 6/6
  3623 | D:4      | 3623 ||| INVOKING Spit Poison.
  3624 | D:4      | 3624 ||| INVOKING Spit Poison.
  3698 | D:4      | 3698 ||| INVOKING Spit Poison.
  3699 | D:4      | 3699 ||| INVOKING Spit Poison.
  3700 | D:4      | 3700 ||| INVOKING Spit Poison.
  3705 | D:4      | 3705 ||| INVOKING Spit Poison.
  3711 | D:4      | 3711 ||| INVOKING Berserk.
  3788 | D:4      | 3788 ||| INVOKING Spit Poison.
  3876 | D:4      | 3876 ||| INVOKING Spit Poison.
  3915 | D:4      | 3915 ||| DRINKING 2 bubbling yellow potions.
  3927 | D:5      | Entered Level 5 of the Dungeon
  3958 | D:5      | Reached skill level 7 in Axes
  3958 | D:5      | Reached XP level 7. HP: 55/62 MP: 7/7
  4056 | D:5      | Found an oddly glowing altar of Pakellas.
  4056 | D:5      | Noticed an orange crystal statue
  4094 | D:5      | Found a glowing golden altar of the Shining One.
  4097 | D:5      | Found a shadowy altar of Dithmenos.
  4097 | D:5      | Found a bloodstained altar of Trog.
  4097 | D:5      | Found an oddly glowing altar of Pakellas.
  4098 | D:5      | 4098 ||| INVOKING Spit Poison.
  4099 | D:5      | 4099 ||| INVOKING Spit Poison.
  4271 | D:5      | 4271 ||| EATING 4 fruits.
  4302 | D:5      | 4302 ||| INVOKING Spit Poison.
  4303 | D:5      | 4303 ||| INVOKING Spit Poison.
  4304 | D:5      | 4304 ||| INVOKING Spit Poison.
  4310 | D:5      | 4310 ||| INVOKING Spit Poison.
  4320 | D:5      | Found a snail-covered altar of Cheibriados.
  4328 | D:5      | 4328 ||| INVOKING Berserk.
  4375 | D:5      | 4375 ||| EATING 3 fruits.
  4532 | D:5      | Noticed Eustachio
  4555 | D:5      | Killed Eustachio
  4555 | D:5      | Reached skill level 8 in Axes
  4690 | D:5      | 4690 ||| UPGRADING to helmet.
  4695 | D:5      | 4695 ||| READING 2 scrolls labeled LILE NUUROU.
  4696 | D:5      | 4696 ||| READING scroll labeled CIUTHU NEEPOGIB.
  4697 | D:5      | 4697 ||| READING 5 scrolls of identify.
  4697 | D:5      | 4697 ||| IDENTIFYING green potion
  4698 | D:5      | 4698 ||| READING 4 scrolls of identify.
  4698 | D:5      | 4698 ||| IDENTIFYING bubbling cyan potion
  4699 | D:5      | 4699 ||| READING 3 scrolls of identify.
  4699 | D:5      | 4699 ||| IDENTIFYING sedimented blue potion
  4700 | D:5      | 4700 ||| READING 2 scrolls of identify.
  4700 | D:5      | 4700 ||| IDENTIFYING lumpy dark potion
  4701 | D:5      | 4701 ||| DROPPING potion of degeneration.
  4702 | D:5      | 4702 ||| DROPPING potion of lignification.
  4703 | D:5      | 4703 ||| DROPPING potion of flight.
  4704 | D:5      | 4704 ||| DROPPING scroll of noise.
  4762 | D:6      | Reached XP level 8. HP: 62/72 MP: 8/8
  4790 | D:6      | Reached skill level 3 in Armour
  4904 | D:6      | 4904 ||| EATING 7 fruits.
  4926 | D:6      | 4926 ||| INVOKING Spit Poison.
  5226 | D:6      | Found a staircase to the Ecumenical Temple.
  5268 | D:6      | 5268 ||| INVOKING Spit Poison.
  5272 | D:6      | Reached *** piety under Trog
  5533 | D:6      | 5533 ||| EATING 9 fruits.
  5604 | D:6      | 5604 ||| INVOKING Spit Poison.
  5614 | D:6      | 5614 ||| INVOKING Spit Poison.
  5626 | D:6      | Reached skill level 9 in Axes
  5735 | D:6      | 5735 ||| INVOKING Berserk.
  5744 | D:6      | 5744 ||| EATING 8 fruits.
  5798 | D:6      | 5798 ||| EATING 7 fruits.
  5817 | D:6      | 5817 ||| READING scroll labeled WUBLIYNICS.
  5818 | D:6      | 5818 ||| READING 2 scrolls labeled ZADUWO EWET.
  5819 | D:6      | 5819 ||| READING scroll of enchant weapon.
  5819 | D:6      | 5819 ||| ENCHANTING +1 war axe.
  5820 | D:6      | 5820 ||| DRINKING 2 sapphire potions.
  5821 | D:6      | 5821 ||| READING 3 scrolls of identify.
  5821 | D:6      | 5821 ||| IDENTIFYING fizzy blue potion
  5822 | D:6      | 5822 ||| READING 2 scrolls of identify.
  5822 | D:6      | 5822 ||| IDENTIFYING murky inky potion
  5826 | D:6      | 5826 ||| DROPPING potion of agility.
  5927 | D:7      | 5927 ||| INVOKING Spit Poison.
  5933 | D:7      | 5933 ||| INVOKING Berserk.
  5991 | D:7      | Found Jona's General Store.
  5994 | D:7      | Bought a +0 naga barding for 299 gold pieces
  6100 | D:7      | 6100 ||| UPGRADING to battleaxe.
  6101 | D:7      | 6101 ||| DROPPING +2 war axe.
  6202 | D:7      | Found Bulizukast's Weapon Shop.
  6343 | D:7      | 6343 ||| EATING 6 fruits.
  6369 | D:7      | 6369 ||| INVOKING Berserk.
  6371 | D:7      | Reached skill level 10 in Axes
  6375 | D:7      | Reached XP level 9. HP: 80/80 MP: 9/9
  6409 | D:7      | 6409 ||| EATING 5 fruits.
  6431 | D:7      | Found Maenukk's Antique Weapon Emporium.
  6441 | D:7      | 6441 ||| INVOKING Spit Poison.
  6446 | D:7      | 6446 ||| UPGRADING to +0 naga barding.
  6458 | D:7      | 6458 ||| INVOKING Spit Poison.
  6459 | D:7      | 6459 ||| INVOKING Spit Poison.
  6513 | D:7      | 6513 ||| INVOKING Berserk.
  6656 | D:8      | Noticed Psyche
  6658 | D:8      | 6658 ||| INVOKING Berserk.
  6668 | D:8      | Killed Psyche
  6716 | D:8      | 6716 ||| INVOKING Spit Poison.
  6728 | D:8      | 6728 ||| INVOKING Berserk.
  6736 | D:8      | HP: 28/123 [killer bee (4)]
  6740 | D:8      | HP: 11/82 [poisoned by a killer bee]
  6741 | D:8      | 6741 ||| DRINKING 2 potions of curing.
  6741 | D:8      | 6741 ||| (to cure poison)
  6748 | D:8      | 6748 ||| ZAPPING wand of teleportation (6/9).
  6750 | D:8      | HP: 20/82 [giant frog (2)]
  6751 | D:8      | 6751 ||| DRINKING potion of heal wounds.
  6753 | D:8      | 6753 ||| ZAPPING wand of teleportation (5/9).
  6978 | D:8      | 6978 ||| EATING 4 fruits.
  7000 | D:8      | Reached skill level 11 in Axes
  7133 | D:8      | 7133 ||| INVOKING Spit Poison.
  7134 | D:8      | 7134 ||| INVOKING Spit Poison.
  7186 | D:8      | 7186 ||| INVOKING Spit Poison.
  7483 | D:8      | 7483 ||| INVOKING Berserk.
  7495 | D:8      | 7495 ||| ZAPPING wand of teleportation (4/9).
  7499 | D:8      | 7499 ||| EATING 3 fruits.
  7525 | D:8      | 7525 ||| EATING 2 fruits.
  7538 | D:8      | 7538 ||| INVOKING Spit Poison.
  7539 | D:8      | 7539 ||| INVOKING Spit Poison.
  7542 | D:8      | 7542 ||| INVOKING Berserk.
  7553 | D:8      | 7553 ||| EATING fruit.
  7651 | D:8      | 7651 ||| INVOKING Berserk.
  7660 | D:8      | Reached **** piety under Trog
  7665 | D:8      | 7665 ||| EATING 3 beef jerkies.
  7862 | D:8      | 7862 ||| EATING 2 beef jerkies.
  7883 | D:8      | 7883 ||| INVOKING Spit Poison.
  7884 | D:8      | 7884 ||| INVOKING Spit Poison.
  7892 | D:8      | Reached skill level 6 in Fighting
  7908 | D:8      | 7908 ||| INVOKING Spit Poison.
  7942 | D:8      | Reached skill level 12 in Axes
  7942 | D:8      | Reached XP level 10. HP: 88/91 MP: 10/10
  7970 | D:8      | 7970 ||| UPGRADING to runed plate armour.
  7980 | D:8      | 7980 ||| DROPPING +0 plate armour.
  7981 | D:8      | 7981 ||| DROPPING wand of lightning.
  8021 | D:9      | 8021 ||| INVOKING Spit Poison.
  8044 | D:9      | 8044 ||| INVOKING Spit Poison.
  8071 | D:9      | 8071 ||| INVOKING Berserk.
  8135 | D:9      | 8135 ||| EATING beef jerky.
  8259 | D:9      | 8259 ||| INVOKING Berserk.
  8301 | D:9      | 8301 ||| EATING 9 bread rations.
  8315 | D:9      | 8315 ||| INVOKING Spit Poison.
  8349 | D:9      | 8349 ||| READING scroll of recharging.
  8349 | D:9      | 8349 ||| RECHARGING wand of teleportation (3/9).
  8355 | D:9      | 8355 ||| INVOKING Berserk.
  8421 | D:9      | 8421 ||| INVOKING Spit Poison.
  8541 | D:9      | 8541 ||| INVOKING Spit Poison.
  8797 | D:9      | 8797 ||| INVOKING Spit Poison.
  8799 | D:9      | 8799 ||| INVOKING Berserk.
  8804 | D:9      | Reached skill level 13 in Axes
  8944 | D:9      | 8944 ||| UPGRADING to twisted golden ring.
  8946 | D:9      | 8946 ||| UPGRADING to ring of protection from cold.
  8948 | D:9      | 8948 ||| READING 2 scrolls of identify.
  8948 | D:9      | 8948 ||| IDENTIFYING orange potion
  8949 | D:9      | 8949 ||| DROPPING potion of invisibility.
  8957 | D:10     | Entered Level 10 of the Dungeon
  8986 | D:10     | 8986 ||| INVOKING Spit Poison.
  8989 | D:10     | 8989 ||| INVOKING Spit Poison.
  9012 | D:10     | 9012 ||| INVOKING Spit Poison.
  9053 | D:10     | 9053 ||| INVOKING Spit Poison.
  9058 | D:10     | Found a staircase to the Orcish Mines.
  9090 | D:10     | 9090 ||| INVOKING Berserk.
  9204 | D:10     | Found a staircase to the Lair.
  9225 | D:10     | 9225 ||| INVOKING Spit Poison.
  9228 | D:10     | 9228 ||| INVOKING Spit Poison.
  9239 | D:10     | 9239 ||| INVOKING Berserk.
  9352 | D:10     | 9352 ||| INVOKING Spit Poison.
  9387 | D:10     | 9387 ||| EATING 9 bread rations.
  9390 | D:10     | 9390 ||| EATING 9 bread rations.
  9393 | D:10     | 9393 ||| EATING 9 bread rations.
  9396 | D:10     | 9396 ||| EATING 9 bread rations.
  9403 | D:10     | 9403 ||| EATING 8 bread rations.
  9409 | D:10     | 9409 ||| EATING 7 bread rations.
  9501 | D:10     | 9501 ||| INVOKING Spit Poison.
  9530 | D:10     | 9530 ||| INVOKING Berserk.
  9533 | D:10     | Reached XP level 11. HP: 68/99 MP: 11/11
  9725 | D:10     | 9725 ||| INVOKING Spit Poison.
  9728 | D:10     | 9728 ||| INVOKING Spit Poison.
  9742 | D:10     | Reached ***** piety under Trog
  9742 | D:10     | Reached skill level 14 in Axes
  9984 | D:10     | 9984 ||| INVOKING Spit Poison.
  9991 | D:10     | Noticed an unseen horror
  9992 | D:10     | 9992 ||| INVOKING Spit Poison.
  9997 | D:10     | 9997 ||| INVOKING Spit Poison.
 10006 | D:10     | 10006 ||| INVOKING Spit Poison.
 10007 | D:10     | Killed an unseen horror
 10076 | D:10     | 10076 ||| UPGRADING to notched copper ring.
 10078 | D:10     | 10078 ||| UPGRADING to ring of protection from cold.
 10115 | Lair:1   | Entered Level 1 of the Lair of Beasts
 10116 | Lair:1   | 10116 ||| Entered L.
 10317 | Lair:1   | 10317 ||| EATING 6 bread rations.
 10322 | Lair:1   | 10322 ||| INVOKING Spit Poison.
 10361 | Lair:1   | 10361 ||| INVOKING Spit Poison.
 10372 | Lair:1   | 10372 ||| INVOKING Spit Poison.
 10373 | Lair:1   | 10373 ||| INVOKING Spit Poison.
 10398 | Lair:1   | 10398 ||| INVOKING Berserk.
 10600 | Lair:1   | 10600 ||| INVOKING Spit Poison.
 10714 | Lair:1   | Noticed an eight-headed hydra
 10715 | Lair:1   | 10715 ||| INVOKING Brothers in Arms.
 10716 | Lair:1   | 10716 ||| INVOKING Berserk.
 10719 | Lair:1   | Killed a ten-headed hydra
 10827 | Lair:1   | 10827 ||| INVOKING Spit Poison.
 10828 | Lair:1   | 10828 ||| INVOKING Spit Poison.
 10909 | Lair:1   | Reached skill level 15 in Axes
 10918 | Lair:1   | 10918 ||| INVOKING Berserk.
 10928 | Lair:1   | 10928 ||| EATING 9 fruits.
 11133 | Lair:1   | 11133 ||| EATING 8 fruits.
 11295 | Lair:1   | 11295 ||| EATING 7 fruits.
 11473 | Lair:1   | 11473 ||| UPGRADING to dented cabochon amulet.
 11507 | Lair:1   | 11507 ||| UPGRADING to dented golden amulet.
 11509 | Lair:1   | 11509 ||| REMOVING amulet of harm.
 11510 | Lair:1   | 11510 ||| UPGRADING to amulet of guardian spirit.
 11511 | Lair:1   | 11511 ||| DROPPING amulet of harm.
 11512 | Lair:1   | 11512 ||| UPGRADING to ivory ring.
 11514 | Lair:1   | 11514 ||| REMOVING ring of fire.
 11515 | Lair:1   | 11515 ||| UPGRADING to ring of positive energy.
 11516 | Lair:1   | 11516 ||| UPGRADING to ring of protection from magic.
 11518 | Lair:1   | 11518 ||| UPGRADING to ring of protection from cold.
 11520 | Lair:1   | 11520 ||| READING 3 scrolls of identify.
 11520 | Lair:1   | 11520 ||| IDENTIFYING fizzy orange potion
 11521 | Lair:1   | 11521 ||| READING 2 scrolls of identify.
 11521 | Lair:1   | 11521 ||| IDENTIFYING yellow potion
 11522 | Lair:1   | 11522 ||| DROPPING potion of brilliance.
 11523 | Lair:1   | 11523 ||| DROPPING potion of mutation.
 11582 | Lair:2   | 11582 ||| INVOKING Berserk.
 11590 | Lair:2   | 11590 ||| EATING 6 fruits.
 11622 | Lair:2   | 11622 ||| EATING 5 fruits.
 11640 | Lair:2   | 11640 ||| INVOKING Spit Poison.
 11834 | Lair:2   | 11834 ||| INVOKING Spit Poison.
 11847 | Lair:2   | 11847 ||| INVOKING Spit Poison.
 11848 | Lair:2   | 11848 ||| INVOKING Spit Poison.
 11939 | Lair:2   | 11939 ||| INVOKING Spit Poison.
 11940 | Lair:2   | 11940 ||| INVOKING Spit Poison.
 11944 | Lair:2   | 11944 ||| INVOKING Spit Poison.
 12113 | Lair:2   | 12113 ||| EATING 4 fruits.
 12196 | Lair:2   | Noticed an eight-headed hydra
 12197 | Lair:2   | 12197 ||| INVOKING Brothers in Arms.
 12199 | Lair:2   | 12199 ||| INVOKING Berserk.
 12206 | Lair:2   | Killed a 13-headed hydra
 12209 | Lair:2   | 12209 ||| EATING 3 fruits.
 12332 | Lair:2   | 12332 ||| EATING 2 fruits.
 12469 | Lair:2   | 12469 ||| UPGRADING to glowing plate armour.
 12479 | Lair:2   | 12479 ||| READING 9 scrolls of remove curse.
 12480 | Lair:2   | 12480 ||| UPGRADING to +1 plate armour of fire resistance.
 12490 | Lair:2   | 12490 ||| DROPPING -1 plate armour.
 12491 | Lair:2   | 12491 ||| READING 2 scrolls of identify.
 12491 | Lair:2   | 12491 ||| IDENTIFYING ruby potion
 12530 | Lair:3   | 12530 ||| STAIRDANCE
 12538 | Lair:3   | 12538 ||| STAIRDANCE
 12630 | Lair:3   | 12630 ||| EATING fruit.
 12655 | Lair:3   | 12655 ||| INVOKING Spit Poison.
 12657 | Lair:3   | Received a gift from Trog
 12660 | Lair:3   | 12660 ||| INVOKING Spit Poison.
 12667 | Lair:3   | 12667 ||| INVOKING Berserk.
 12671 | Lair:3   | Reached XP level 12. HP: 110/110 MP: 9/12
 12719 | Lair:3   | 12719 ||| EATING 7 meat rations.
 13027 | Lair:3   | Reached skill level 16 in Axes
 13420 | Lair:3   | 13420 ||| INVOKING Berserk.
 13524 | Lair:3   | 13524 ||| INVOKING Berserk.
 13692 | Lair:3   | 13692 ||| EATING 6 meat rations.
 13746 | Lair:3   | Noticed Rupert
 13746 | Lair:3   | 13746 ||| INVOKING Trog's Hand.
 13747 | Lair:3   | 13747 ||| INVOKING Brothers in Arms.
 13751 | Lair:3   | 13751 ||| INVOKING Berserk.
 13756 | Lair:3   | Killed Rupert
 13804 | Lair:3   | 13804 ||| UPGRADING to battleaxe of electrocution.
 13805 | Lair:3   | 13805 ||| DROPPING +0 battleaxe.
 13812 | Lair:3   | Noticed Gastronok
 13824 | Lair:3   | Killed Gastronok
 13824 | Lair:3   | Reached skill level 6 in Armour
 14279 | Lair:3   | Reached skill level 17 in Axes
 14289 | Lair:3   | 14289 ||| UPGRADING to runed hat.
 14299 | Lair:3   | 14299 ||| UPGRADING to +0 helmet.
 14309 | Lair:3   | 14309 ||| DROPPING +0 hat of intelligence.
 14310 | Lair:3   | 14310 ||| UPGRADING to ring of protection from cold.
 14312 | Lair:3   | 14312 ||| READING 6 scrolls of identify.
 14312 | Lair:3   | 14312 ||| IDENTIFYING brown potion
 14313 | Lair:3   | 14313 ||| DROPPING potion of cancellation.
 14405 | Lair:4   | 14405 ||| STAIRDANCE
 14424 | Lair:4   | 14424 ||| STAIRDANCE
 14429 | Lair:3   | 14429 ||| INVOKING Berserk.
 14633 | Lair:4   | 14633 ||| STAIRDANCE
 14720 | Lair:4   | Gained mutation: You can use your snake-like lower body to constrict enemies. [Naga growth]
 14720 | Lair:4   | Reached XP level 13. HP: 105/120 MP: 9/13
 14867 | Lair:4   | 14867 ||| EATING 5 fruits.
 14900 | Lair:4   | 14900 ||| INVOKING Burn Spellbooks.
 14900 | Lair:4   | Received a gift from Trog
 14902 | Lair:4   | 14902 ||| UPGRADING to glowing battleaxe {god gift}.
 14903 | Lair:4   | 14903 ||| UPGRADING to +7 battleaxe of electrocution.
 14904 | Lair:4   | 14904 ||| DROPPING +4 antimagic battleaxe.
 14942 | Lair:4   | 14942 ||| INVOKING Berserk.
 15160 | Lair:4   | 15160 ||| EATING 4 fruits.
 15222 | Lair:4   | Reached skill level 9 in Fighting
 15229 | Lair:4   | Found a hole to the Spider Nest.
 15286 | Lair:4   | Reached skill level 18 in Axes
 15745 | Lair:4   | 15745 ||| EATING 3 fruits.
 15920 | Lair:4   | 15920 ||| UPGRADING to square malachite amulet.
 15922 | Lair:4   | 15922 ||| REMOVING amulet of the gourmand.
 15923 | Lair:4   | 15923 ||| DROPPING amulet of the gourmand.
 15924 | Lair:4   | 15924 ||| UPGRADING to amulet of guardian spirit.
 15925 | Lair:4   | 15925 ||| READING scroll labeled FYHUGGO PUUDD.
 15926 | Lair:4   | 15926 ||| READING scroll labeled YWOILIUROF.
 15927 | Lair:4   | 15927 ||| DROPPING wand of random effects.
 16029 | Lair:5   | 16029 ||| EATING 2 fruits.
 16209 | Lair:5   | Received a gift from Trog
 16211 | Lair:5   | 16211 ||| UPGRADING to runed battleaxe {god gift}.
 16212 | Lair:5   | 16212 ||| UPGRADING to +7 battleaxe of electrocution.
 16213 | Lair:5   | 16213 ||| DROPPING +2 battleaxe of flaming.
 16337 | Lair:5   | 16337 ||| READING scroll of enchant weapon.
 16337 | Lair:5   | 16337 ||| ENCHANTING +7 battleaxe of electrocution.
 16348 | Lair:5   | 16348 ||| INVOKING Brothers in Arms.
 16350 | Lair:5   | 16350 ||| INVOKING Berserk.
 16865 | Lair:5   | 16865 ||| UPGRADING to ice dragon armour.
 16875 | Lair:5   | 16875 ||| UPGRADING to +1 plate armour of fire resistance.
 16885 | Lair:5   | 16885 ||| UPGRADING to cloak.
 16890 | Lair:5   | 16890 ||| READING 6 scrolls of identify.
 16890 | Lair:5   | 16890 ||| IDENTIFYING wand of teleportation
 16891 | Lair:5   | 16891 ||| DROPPING wand of slowing.
 16892 | Lair:5   | 16892 ||| DROPPING wand of paralysis.
 16893 | Lair:5   | 16893 ||| DROPPING wand of enslavement.
 16906 | Lair:6   | 16906 ||| INVOKING Brothers in Arms.
 16913 | Lair:6   | 16913 ||| EATING fruit.
 17272 | Lair:6   | 17272 ||| READING scroll of enchant weapon.
 17272 | Lair:6   | 17272 ||| ENCHANTING +8 battleaxe of electrocution.
 17282 | Lair:6   | Noticed an ice dragon
 17282 | Lair:6   | 17282 ||| INVOKING Brothers in Arms.
 17283 | Lair:6   | 17283 ||| INVOKING Brothers in Arms.
 17288 | Lair:6   | 17288 ||| INVOKING Berserk.
 17291 | Lair:6   | Killed an ice dragon
 17291 | Lair:6   | Reached skill level 19 in Axes
 17300 | Lair:6   | 17300 ||| INVOKING Brothers in Arms.
 17305 | Lair:6   | 17305 ||| INVOKING Brothers in Arms.
 17311 | Lair:6   | 17311 ||| EATING beef jerky.
 17312 | Lair:6   | 17312 ||| UPGRADING to opal ring.
 17314 | Lair:6   | 17314 ||| REMOVING ring of poison resistance.
 17315 | Lair:6   | 17315 ||| INVOKING Brothers in Arms.
 17335 | Lair:6   | Found a staircase to the Swamp.
 17567 | Lair:6   | 17567 ||| INVOKING Brothers in Arms.
 17568 | Lair:6   | 17568 ||| INVOKING Brothers in Arms.
 17569 | Lair:6   | 17569 ||| EATING 7 bread rations.
 17732 | Lair:6   | 17732 ||| INVOKING Brothers in Arms.
 17852 | Lair:6   | 17852 ||| INVOKING Berserk.
 17901 | Lair:6   | 17901 ||| INVOKING Brothers in Arms.
 17946 | Lair:6   | 17946 ||| UPGRADING to ring of protection from magic.
 17947 | Lair:6   | 17947 ||| UPGRADING to ring of protection from cold.
 17949 | Lair:6   | 17949 ||| DROPPING ring of poison resistance.
 17950 | Lair:6   | 17950 ||| READING 2 scrolls labeled WETABB VOXZAL.
 17951 | Lair:6   | 17951 ||| READING 5 scrolls of identify.
 17951 | Lair:6   | 17951 ||| IDENTIFYING dark potion
 17952 | Lair:6   | 17952 ||| DRINKING potion of beneficial mutation.
 17952 | Lair:6   | Gained mutation: You are resistant to hostile enchantments. [potion of beneficial mutation]
 17953 | Lair:6   | 17953 ||| DROPPING scroll of blinking.
 17984 | Lair:7   | 17984 ||| STAIRDANCE
 17989 | Lair:7   | 17989 ||| STAIRDANCE
 18122 | Lair:7   | 18122 ||| INVOKING Burn Spellbooks.
 18212 | Lair:7   | Reached XP level 14. HP: 123/129 MP: 12/14
 18257 | Lair:7   | 18257 ||| INVOKING Berserk.
 18302 | Lair:7   | 18302 ||| EATING fruit.
 18362 | Lair:7   | 18362 ||| READING scroll of enchant armour.
 18362 | Lair:7   | 18362 ||| ENCHANTING +1 plate armour of fire resistance.
 18596 | Lair:7   | 18596 ||| DROPPING wand of iceblast.
 18621 | Lair:8   | Entered Level 8 of the Lair of Beasts
 18624 | Lair:8   | 18624 ||| STAIRDANCE
 18701 | Lair:8   | 18701 ||| STAIRDANCE
 18717 | Lair:8   | 18717 ||| Stepping ~*~*~tactically~*~*~ (cloud).
 18718 | Lair:8   | 18718 ||| INVOKING Brothers in Arms.
 18719 | Lair:8   | 18719 ||| INVOKING Brothers in Arms.
 18720 | Lair:8   | 18720 ||| Stepping ~*~*~tactically~*~*~ (cloud).
 18721 | Lair:8   | 18721 ||| INVOKING Brothers in Arms.
 18722 | Lair:8   | 18722 ||| INVOKING Berserk.
 18761 | Lair:8   | 18761 ||| EATING 8 bread rations.
 18916 | Lair:8   | 18916 ||| INVOKING Brothers in Arms.
 18917 | Lair:8   | 18917 ||| INVOKING Brothers in Arms.
 18918 | Lair:8   | 18918 ||| INVOKING Brothers in Arms.
 18920 | Lair:8   | 18920 ||| INVOKING Berserk.
 19147 | Lair:8   | Reached skill level 20 in Axes
 19213 | Lair:8   | Noticed a dire elephant
 19214 | Lair:8   | 19214 ||| INVOKING Berserk.
 19222 | Lair:8   | Killed a dire elephant
 19222 | Lair:8   | Reached skill level 3 in Dodging
 19298 | Lair:8   | 19298 ||| INVOKING Trog's Hand.
 19305 | Lair:8   | Found a burning altar of Makhleb.
 19316 | Lair:8   | 19316 ||| INVOKING Brothers in Arms.
 19332 | Lair:8   | Found a gateway to Hell.
 19521 | Lair:8   | 19521 ||| INVOKING Brothers in Arms.
 19522 | Lair:8   | 19522 ||| INVOKING Brothers in Arms.
 19523 | Lair:8   | 19523 ||| INVOKING Brothers in Arms.
 19528 | Lair:8   | 19528 ||| INVOKING Berserk.
 19536 | Lair:8   | 19536 ||| EATING slice of pizza.
 19592 | Lair:8   | 19592 ||| INVOKING Brothers in Arms.
 19594 | Lair:8   | 19594 ||| INVOKING Brothers in Arms.
 19595 | Lair:8   | 19595 ||| INVOKING Brothers in Arms.
 19596 | Lair:8   | 19596 ||| INVOKING Brothers in Arms.
 19597 | Lair:8   | 19597 ||| INVOKING Berserk.
 19606 | Lair:8   | 19606 ||| EATING 7 bread rations.
 19801 | Lair:8   | 19801 ||| INVOKING Brothers in Arms.
 19802 | Lair:8   | 19802 ||| INVOKING Brothers in Arms.
 19804 | Lair:8   | 19804 ||| INVOKING Berserk.
 19809 | Lair:8   | Reached skill level 6 in Dodging
 19948 | Lair:8   | Reached XP level 15. HP: 129/138 MP: 13/15
 19992 | Lair:8   | 19992 ||| INVOKING Brothers in Arms.
 19995 | Lair:8   | 19995 ||| INVOKING Berserk.
 20078 | Lair:8   | Found a runed door.
 20080 | Lair:8   | Found a viscous altar of Jiyva.
 20080 | Lair:8   | Found a staircase to the Slime Pits.
 20336 | Lair:8   | 20336 ||| READING scroll of enchant armour.
 20336 | Lair:8   | 20336 ||| ENCHANTING +2 plate armour of fire resistance.
 20471 | Lair:8   | 20471 ||| INVOKING Brothers in Arms.
 20475 | Lair:8   | 20475 ||| EATING 6 bread rations.
 20482 | Lair:8   | 20482 ||| INVOKING Berserk.
 20652 | Lair:8   | 20652 ||| UPGRADING to iron ring.
 20654 | Lair:8   | 20654 ||| READING 9 scrolls of remove curse.
 20655 | Lair:8   | 20655 ||| REMOVING -4 ring of intelligence.
 20663 | Lair:8   | 20663 ||| UPGRADING to ring of protection from cold.
 20664 | Lair:8   | 20664 ||| DROPPING -4 ring of intelligence.
 20665 | Lair:8   | 20665 ||| DROPPING 2 tomahawks.
 20666 | Lair:8   | 20666 ||| DROPPING wand of disintegration.
 20854 | Orc:1    | Entered Level 1 of the Orcish Mines
 20855 | Orc:1    | 20855 ||| Entered O.
 20859 | Orc:1    | 20859 ||| STAIRDANCE
 20864 | Orc:1    | 20864 ||| STAIRDANCE
 20894 | Orc:1    | 20894 ||| STAIRDANCE
 20925 | Orc:1    | 20925 ||| STAIRDANCE
 21043 | Orc:1    | Found Fiheocw's General Store.
 21066 | Orc:1    | Bought 4 fruits for 84 gold pieces
 21066 | Orc:1    | Bought a potion of haste for 140 gold pieces
 21066 | Orc:1    | Bought a scroll of identify for 28 gold pieces
 21066 | Orc:1    | Bought 2 potions of curing for 84 gold pieces
 21066 | Orc:1    | Bought 4 fruits for 84 gold pieces
 21066 | Orc:1    | Bought a potion of cure mutation for 350 gold pieces
 21072 | Orc:1    | Found a roughly hewn altar of Beogh.
 21165 | Orc:1    | Noticed Eceihueh's ghost (journeyman MiBe)
 21166 | Orc:1    | 21166 ||| INVOKING Brothers in Arms.
 21169 | Orc:1    | 21169 ||| INVOKING Berserk.
 21174 | Orc:1    | Killed Eceihueh's ghost
 21527 | Orc:2    | Entered Level 2 of the Orcish Mines
 21527 | Orc:2    | Found a staircase to the Elven Halls.
 21528 | Orc:2    | 21528 ||| STAIRDANCE
 21538 | Orc:2    | 21538 ||| STAIRDANCE
 21593 | Orc:2    | 21593 ||| STAIRDANCE
 21609 | Orc:2    | 21609 ||| STAIRDANCE
 21629 | Orc:2    | 21629 ||| STAIRDANCE
 21811 | Orc:2    | Found Tiubof's General Store.
 21814 | Orc:2    | Received a gift from Trog
 21856 | Orc:2    | Found Xiut Omi's Food Boutique.
 21962 | Orc:2    | 21962 ||| UPGRADING to glowing battleaxe {god gift}.
 21963 | Orc:2    | 21963 ||| UPGRADING to +9 battleaxe of electrocution.
 21964 | Orc:2    | 21964 ||| DROPPING +0 battleaxe of freezing.
 21975 | Orc:2    | Bought a potion of curing for 45 gold pieces
 21975 | Orc:2    | Bought a scroll of remove curse for 45 gold pieces
 21975 | Orc:2    | Bought a potion of cure mutation for 375 gold pieces
 21984 | Orc:2    | Bought a meat ration for 65 gold pieces
 21984 | Orc:2    | Bought a bread ration for 65 gold pieces
 21984 | Orc:2    | Bought a meat ration for 65 gold pieces
 21984 | Orc:2    | Bought a slice of pizza for 19 gold pieces
 21984 | Orc:2    | Bought a bread ration for 65 gold pieces
 21984 | Orc:2    | Bought a meat ration for 65 gold pieces
 21984 | Orc:2    | Bought a meat ration for 65 gold pieces
 21984 | Orc:2    | Bought a meat ration for 65 gold pieces
 21984 | Orc:2    | Bought a meat ration for 65 gold pieces
 21984 | Orc:2    | Bought a slice of pizza for 19 gold pieces
 21984 | Orc:2    | Bought a bread ration for 65 gold pieces
 22097 | Orc:2    | Found a roughly hewn altar of Beogh.
 22265 | Orc:2    | Reached ****** piety under Trog
 22282 | Orc:2    | 22282 ||| INVOKING Trog's Hand.
 22284 | Orc:2    | 22284 ||| INVOKING Berserk.
 22302 | Orc:2    | 22302 ||| ZAPPING wand of teleportation (8/9).
 22454 | Orc:2    | 22454 ||| INVOKING Trog's Hand.
 22457 | Orc:2    | 22457 ||| INVOKING Berserk.
 22470 | Orc:2    | 22470 ||| ZAPPING wand of teleportation (7/9).
 22472 | Orc:2    | 22472 ||| EATING 8 fruits.
 22564 | Orc:2    | 22564 ||| EATING 7 fruits.
 22637 | Orc:2    | 22637 ||| INVOKING Trog's Hand.
 22638 | Orc:2    | 22638 ||| INVOKING Berserk.
 22649 | Orc:2    | Reached skill level 9 in Dodging
 22686 | Orc:2    | 22686 ||| INVOKING Trog's Hand.
 22687 | Orc:2    | Found Sali's Antique Armour Shoppe.
 22687 | Orc:2    | Found Hemurasho's Book Emporium.
 22688 | Orc:2    | 22688 ||| INVOKING Berserk.
 22689 | Orc:2    | Found a one-way gate leading to the halls of Pandemonium.
 22767 | Orc:2    | 22767 ||| ZAPPING wand of teleportation (6/9).
 22770 | Orc:2    | 22770 ||| ZAPPING wand of teleportation (5/9).
 22775 | Orc:2    | 22775 ||| ZAPPING wand of teleportation (4/9).
 22780 | Orc:2    | 22780 ||| READING 4 scrolls of recharging.
 22780 | Orc:2    | 22780 ||| RECHARGING wand of teleportation (3/9).
 22781 | Orc:2    | 22781 ||| ZAPPING wand of teleportation (7/9).
 22784 | Orc:2    | 22784 ||| ZAPPING wand of teleportation (6/9).
 22789 | Orc:2    | 22789 ||| ZAPPING wand of teleportation (5/9).
 22794 | Orc:2    | 22794 ||| ZAPPING wand of teleportation (4/9).
 22798 | Orc:2    | 22798 ||| READING 3 scrolls of recharging.
 22798 | Orc:2    | 22798 ||| RECHARGING wand of teleportation (3/9).
 22799 | Orc:2    | 22799 ||| ZAPPING wand of teleportation (9/9).
 22803 | Orc:2    | 22803 ||| ZAPPING wand of teleportation (8/9).
 22806 | Orc:2    | 22806 ||| ZAPPING wand of teleportation (7/9).
 22809 | Orc:2    | 22809 ||| ZAPPING wand of teleportation (6/9).
 22814 | Orc:2    | 22814 ||| ZAPPING wand of teleportation (5/9).
 22817 | Orc:2    | 22817 ||| ZAPPING wand of teleportation (4/9).
 22821 | Orc:2    | 22821 ||| READING 2 scrolls of recharging.
 22821 | Orc:2    | 22821 ||| RECHARGING wand of teleportation (3/9).
 22822 | Orc:2    | 22822 ||| ZAPPING wand of teleportation (4/9).
 22831 | Orc:2    | 22831 ||| READING scroll of recharging.
 22831 | Orc:2    | 22831 ||| RECHARGING wand of teleportation (3/9).
 22832 | Orc:2    | 22832 ||| ZAPPING wand of teleportation (6/9).
 22835 | Orc:2    | 22835 ||| ZAPPING wand of teleportation (5/9).
 22840 | Orc:2    | 22840 ||| ZAPPING wand of teleportation (4/9).
 22844 | Orc:2    | 22844 ||| ZAPPING wand of teleportation (3/9).
 22848 | Orc:2    | 22848 ||| ZAPPING wand of teleportation (2/9).
 22853 | Orc:2    | 22853 ||| ZAPPING wand of teleportation (1/9).
 22856 | Orc:2    | 22856 ||| DROPPING wand of teleportation (0/9).
 22857 | Orc:2    | 22857 ||| ZAPPING wand of teleportation (4/9).
 22860 | Orc:2    | 22860 ||| ZAPPING wand of teleportation (3/9).
 22864 | Orc:2    | 22864 ||| ZAPPING wand of teleportation (2/9).
 22869 | Orc:2    | 22869 ||| ZAPPING wand of teleportation (1/9).
 22874 | Orc:2    | 22874 ||| READING 10 scrolls of teleportation.
 22879 | Orc:2    | 22879 ||| READING 9 scrolls of teleportation.
 22883 | Orc:2    | 22883 ||| READING 8 scrolls of teleportation.
 22886 | Orc:2    | 22886 ||| READING 7 scrolls of teleportation.
 22891 | Orc:2    | 22891 ||| READING 6 scrolls of teleportation.
 22896 | Orc:2    | 22896 ||| READING 5 scrolls of teleportation.
 22899 | Orc:2    | 22899 ||| READING 4 scrolls of teleportation.
 22904 | Orc:2    | 22904 ||| READING 3 scrolls of teleportation.
 22908 | Orc:2    | 22908 ||| READING 2 scrolls of teleportation.
 22913 | Orc:2    | 22913 ||| READING scroll of teleportation.
 22917 | Orc:2    | 22917 ||| Stepping randomly (stuck).
 22918 | Orc:2    | 22918 ||| Stepping randomly (stuck).
 22919 | Orc:2    | 22919 ||| Stepping randomly (stuck).
 22920 | Orc:2    | 22920 ||| Stepping randomly (stuck).
 22921 | Orc:2    | 22921 ||| Stepping randomly (stuck).
 22922 | Orc:2    | 22922 ||| Stepping randomly (stuck).
 22923 | Orc:2    | 22923 ||| Stepping randomly (stuck).
 22924 | Orc:2    | 22924 ||| Stepping randomly (stuck).
 22925 | Orc:2    | 22925 ||| Stepping randomly (stuck).
 22962 | Orc:2    | 22962 ||| Stepping randomly (stuck).
 22963 | Orc:2    | 22963 ||| Stepping randomly (stuck).
 22964 | Orc:2    | 22964 ||| Stepping randomly (stuck).
 22974 | Orc:2    | 22974 ||| Stepping randomly (stuck).
 22978 | Elf:1    | Entered Level 1 of the Elven Halls
 22979 | Elf:1    | 22979 ||| Shafted from Orc:2 to Elf:1.
 22981 | Orc:2    | 22981 ||| Successfully unshafted to Orc:2.
 22981 | Orc:2    | 22981 ||| Stepping randomly (stuck).
 22982 | Orc:2    | 22982 ||| Stepping randomly (stuck).
 23001 | Elf:1    | Received a gift from Trog
 23003 | Elf:1    | Reached skill level 9 in Armour
 23141 | Elf:1    | 23141 ||| UPGRADING to runed battleaxe {god gift}.
 23142 | Elf:1    | 23142 ||| UPGRADING to +9 battleaxe of electrocution.
 23143 | Elf:1    | 23143 ||| DROPPING +5 antimagic battleaxe.
 23599 | Elf:1    | Found Meiddumpuf's Distillery.
 23603 | Elf:1    | Bought a potion of curing for 39 gold pieces
 23603 | Elf:1    | Bought a potion of curing for 39 gold pieces
 23776 | Elf:1    | Reached XP level 16. HP: 91/146 MP: 11/16
 23951 | Elf:1    | Noticed Louise
 23952 | Elf:1    | 23952 ||| INVOKING Trog's Hand.
 23953 | Elf:1    | 23953 ||| INVOKING Brothers in Arms.
 23956 | Elf:1    | 23956 ||| INVOKING Berserk.
 23960 | Elf:1    | Killed Louise
 24263 | Elf:1    | Found Kafimodi's Book Emporium.
 24557 | Elf:1    | 24557 ||| INVOKING Berserk.
 24829 | Elf:1    | 24829 ||| UPGRADING to glowing chain mail.
 24839 | Elf:1    | 24839 ||| UPGRADING to +3 plate armour of fire resistance.
 24911 | Elf:1    | 24911 ||| UPGRADING to +2 chain mail of poison resistance.
 24916 | Elf:1    | 24916 ||| UPGRADING to +3 plate armour of fire resistance.
 24926 | Elf:1    | 24926 ||| DROPPING +2 chain mail of poison resistance.
 24934 | Elf:1    | 24934 ||| UPGRADING to dented filigree amulet.
 24936 | Elf:1    | 24936 ||| REMOVING amulet of rage.
 24937 | Elf:1    | 24937 ||| DROPPING amulet of rage.
 24938 | Elf:1    | 24938 ||| UPGRADING to amulet of guardian spirit.
 24939 | Elf:1    | 24939 ||| READING scroll labeled DICUJU GARIETYESS.
 24956 | Elf:1    | 24956 ||| INVOKING Trog's Hand.
 24958 | Elf:1    | 24958 ||| INVOKING Berserk.
 25046 | Elf:1    | 25046 ||| UPGRADING to shiny chain mail.
 25056 | Elf:1    | 25056 ||| UPGRADING to +3 plate armour of fire resistance.
 25066 | Elf:1    | 25066 ||| DROPPING +0 chain mail of cold resistance.
 25073 | Elf:2    | 25073 ||| INVOKING Brothers in Arms.
 25074 | Elf:2    | 25074 ||| INVOKING Berserk.
 25075 | Elf:2    | Received a gift from Trog
 25130 | Elf:2    | 25130 ||| UPGRADING to runed battleaxe {god gift}.
 25131 | Elf:2    | 25131 ||| UPGRADING to +9 battleaxe of electrocution.
 25132 | Elf:2    | 25132 ||| DROPPING +8 antimagic battleaxe.
 25282 | Elf:2    | Noticed Agnes
 25283 | Elf:2    | 25283 ||| INVOKING Brothers in Arms.
 25283 | Elf:2    | Found a runed gate.
 25283 | Elf:2    | Found a runed gate.
 25283 | Elf:2    | Found a runed gate.
 25699 | Elf:2    | 25699 ||| INVOKING Brothers in Arms.
 25701 | Elf:2    | 25701 ||| INVOKING Berserk.
 25705 | Elf:2    | Killed Agnes
 25782 | Elf:2    | 25782 ||| EATING 6 fruits.
 25938 | Elf:2    | 25938 ||| UPGRADING to tubular iron ring.
 25940 | Elf:2    | 25940 ||| DROPPING ring of positive energy.
 25941 | Elf:2    | 25941 ||| DROPPING ring of protection from magic.
 25942 | Elf:2    | 25942 ||| UPGRADING to ring of protection from cold.
 25994 | Elf:3    | Entered Level 3 of the Elven Halls
 26468 | Elf:3    | Noticed Aizul
 26469 | Elf:3    | 26469 ||| INVOKING Trog's Hand.
 26470 | Elf:3    | 26470 ||| INVOKING Brothers in Arms.
 26480 | Elf:3    | Found a deep blue altar of Sif Muna.
 26481 | Elf:3    | 26481 ||| INVOKING Berserk.
 26491 | Elf:3    | Killed Aizul
 26510 | Elf:3    | 26510 ||| INVOKING Brothers in Arms.
 26511 | Elf:3    | HP: 37/148 [deep elf mage/long sword (1)]
 26512 | Elf:3    | 26512 ||| DRINKING 2 potions of heal wounds.
 27029 | Elf:3    | 27029 ||| INVOKING Trog's Hand.
 27031 | Elf:3    | 27031 ||| INVOKING Berserk.
 27079 | Elf:3    | 27079 ||| EATING 5 fruits.
 27112 | Elf:3    | 27112 ||| READING scroll of recharging.
 27112 | Elf:3    | 27112 ||| RECHARGING wand of teleportation (0/9).
 27369 | Elf:3    | 27369 ||| INVOKING Trog's Hand.
 27371 | Elf:3    | 27371 ||| INVOKING Berserk.
 27374 | Elf:3    | Reached XP level 17. HP: 157/157 MP: 17/17
 27382 | Elf:3    | Received a gift from Trog
 27388 | Elf:3    | Noticed a deep elf master archer
 27393 | Elf:3    | Noticed a deep elf blademaster
 27400 | Elf:3    | Noticed a deep elf master archer
 27406 | Elf:3    | Killed a deep elf master archer
 27408 | Elf:3    | Killed a deep elf blademaster
 27409 | Elf:3    | Received a gift from Trog
 27416 | Elf:3    | Killed a deep elf master archer
 27416 | Elf:3    | HP: 47/238 [ghostly deep elf master archer/arrow (15)]
 27418 | Elf:3    | Killed a ghostly deep elf master archer
 27419 | Elf:3    | Noticed a Brimstone Fiend
 27419 | Elf:3    | HP: 10/238 [deep elf sorcerer/bolt of acid (30)]
 27419 | Elf:3    | Splashed by a deep elf sorcerer's acid

Vault maps used:
D:1:      ncdulo_wetmaze
D:2:      nicolae_overflow_crystal_walls, overflow_temple_1_default,
          ecumenical_altar_2
D:3:      okawaru_metal_pillars_1_2, first_bread, kennysheep_generic_room_15
D:5:      grunt_temple_overflow_open, overflow_temple_1_default,
          gammafunk_pakellas_statue_experiment, uniq_eustachio
D:6:      minmay_temple_entry_glassed_door, columned_hall_lemuel
D:7:      serial_shops, kennysheep_mini, shop, nicolae_shop_window_shopping
D:8:      uniq_psyche
D:10:     lair_0_dummy, david_orc_2, serial_ice, serial_ice_l, serial_ice_a,
          serial_ice_h, serial_ice_c
Lair:1:   lemuel_fruit_tree, grunt_megastairs_3
Lair:3:   forest_paths, nicolae_volcano_entry_vermiform, wad_woods_road_02,
          lemuel_fruit_fields, uniq_rupert, uniq_gastronok
Lair:4:   statuecave_lemuel, nicolae_spider_entry_non_spiders,
          roderic_carrion_pond, serial_bayou_shore_a
Lair:5:   zaba_anthell
Lair:6:   minmay_swamp_entry_worms, ice2_lemuel, grunt_megastairs_2
Lair:7:   ldierk_geyser, grunt_forest_stairs_clearing, infiniplex_staircase_pool
Lair:8:   evil_forest, slime_altar_2, special_room, st_stairs_6,
          kennysheep_basilisk_garden
Orc:1:    basic_altar, serial_shops, shop
Orc:2:    pf_orc_diabolical, basic_altar
Elf:1:    serial_shops, shop, shop, kennysheep_underground_church,
          serial_sigils_hangedman_confine, minmay_misc_feat_ornament,
          serial_sigils_hangedman_etch, uniq_louise
Elf:2:    amalloy_card_club, uniq_agnes, uniq_donald
Elf:3:    minmay_elf_hall_dome, basic_altar, uniq_aizul

Action                   |  1- 3 |  4- 6 |  7- 9 | 10-12 | 13-15 | 16-18 || total
-------------------------+-------+-------+-------+-------+-------+-------++-------
Melee: Hand axe          |   108 |    82 |       |       |       |       ||   190
       War axe           |       |    99 |   182 |       |       |       ||   281
       Battleaxe         |       |       |   152 |   682 |   939 |   287 ||  2060
       Constrict         |       |       |       |       |   194 |    58 ||   252
Throw: Tomahawk          |       |       |       |    46 |    76 |       ||   122
Invok: Berserk           |     3 |     3 |    10 |    17 |    18 |     8 ||    59
       Brothers in Arms  |       |       |       |     3 |    18 |     6 ||    27
       Trog's Hand       |       |       |       |     1 |     5 |     5 ||    11
       Burn Spellbooks   |       |       |       |       |     2 |       ||     2
 Abil: Spit Poison       |    21 |    19 |    16 |    32 |       |       ||    88
Evoke: Wand              |       |     1 |     3 |       |    26 |       ||    30
  Use: Scroll            |     1 |     6 |    11 |     7 |    24 |     2 ||    51
       Potion            |       |     1 |     3 |       |     1 |     1 ||     6
 Stab: Invisible         |       |       |     3 |       |       |       ||     3
       Distracted        |       |       |       |       |     1 |       ||     1
       Petrified         |       |       |       |       |     8 |       ||     8
       Sleeping          |       |       |       |       |       |     1 ||     1
  Eat: Chunk             |     3 |     1 |     9 |     9 |    20 |    15 ||    57
       Beef jerky        |     1 |     1 |     2 |     1 |     1 |       ||     6
       Bread ration      |       |     2 |       |     5 |     4 |       ||    11
       Fruit             |       |       |    12 |     9 |     8 |     2 ||    31
       Meat ration       |       |       |       |     2 |       |       ||     2
       Pizza             |       |       |       |       |     1 |       ||     1
Armor: Animal skin       |    18 |       |       |       |       |       ||    18
       Chain mail        |       |    50 |       |       |       |       ||    50
       Plate armour      |       |    54 |   337 |   644 |   658 |   154 ||  1847
Dodge: Dodged            |    52 |    43 |    58 |    96 |   161 |    46 ||   456
